Stars vs Rampage

Created - Saturday, October 24, 2015 at 00:10

Goals
1 2 3 T
Stars 0 0 0 0
Rampage 1 1 2 4
Shots
1 2 3 T
Stars 3 7 9 19
Rampage 14 10 6 30

1st period

1. Rampage , Andrej Nestrasil 3 (Daniel Briere, Brett Hextall) at 19:07

Penalties :
No Penalty

2nd period

2. Rampage , Christian Thomas 1 (Michal Rozsival) at 11:09 (PP)

Penalties :
Alexandre Grenier (TEX) for Hooking (Minor) at 1:15, Zach Sill (TEX) for Tripping (Minor) at 10:31, Christian Thomas (SAN) for Fighting (Major) at 15:31, Zach Sill (TEX) for Fighting (Major) at 15:31, Steven Delisle (TEX) for Goalie Interference (Minor) at 18:19

3rd period

3. Rampage , Bryan Rust 3 (Max Friberg) at 4:34
4. Rampage , Christian Thomas 2 (Connor Brickley) at 9:29 (PP)

Penalties :
Tanner Richard (SAN) for Holding (Minor) at 1:24, Steven Delisle (TEX) for Roughing (Minor) at 5:41, Steven Delisle (TEX) for Holding (Minor) at 9:27

Goalie Stats

Justin Peters (TEX), 26 saves from 30 shots - (0.867), L, 2-4-3, 60:00 minutes
Pheonix Copley (SAN), 19 saves from 19 shots - (1.000), W, 5-1-0, 60:00 minutes

Players Stats for Stars

Player Name              G  A  P  +/- PIM S  H  SB GA TA FO     MP     PP MP  PK MP  
------------------------------------------------------------------------------------
Alexandre Grenier        0  0  0   0  2   2  2  1  1  1  0/0    16:22   0:00   0:00 
Austin Madaisky          0  0  0  -1  0   1  0  1  1  1  0/0    25:08   1:01   3:45 
Brad Malone              0  0  0   0  0   1  4  1  3  3  0/0    14:49   0:48   0:00 
Brandon Kozun            0  0  0  -1  0   4  4  1  3  2  2/7    20:11   1:11   3:40 
Brent Sopel              0  0  0  -1  0   0  1  0  0  0  0/0     9:27   0:00   0:02 
Brett Ritchie            0  0  0   0  0   2  0  2  1  0  0/0    14:07   0:48   0:00 
Cameron Gaunce           0  0  0  -1  0   0  3  2  0  0  0/0    26:25   1:01   3:09 
Derrick Pouliot          0  0  0   0  0   1  0  2  0  1  0/0    28:10   0:58   5:08 
Jason Williams           0  0  0  -1  0   0  1  1  2  0  0/1     8:40   0:00   0:00 
John Albert              0  0  0   0  0   2  1  0  2  3  3/9    17:16   0:00   0:52 
Jonathan Diaby           0  0  0   0  0   0  0  0  0  0  0/0     2:08   0:00   0:00 
Justin Shugg             0  0  0   0  0   1  0  1  0  3  0/0    18:25   1:11   1:58 
Miikka Salomaki          0  0  0  -1  0   1  1  0  2  0  0/0    14:53   0:00   0:00 
Nick Jones               0  0  0  -1  0   0  1  0  0  0  0/0     5:04   0:00   0:00 
Paul Thompson            0  0  0  -1  0   0  0  0  0  0  1/2    13:14   0:00   3:20 
Steven Delisle           0  0  0   0  6   1  3  2  0  0  0/0    24:09   0:58   1:10 
Zac Dalpe                0  0  0  -1  0   1  0  0  5  1  6/14   16:18   1:11   0:14 
Zach Sill                0  0  0  -1  7   2  5  0  1  1  4/7    18:31   0:48   3:10 

Players Stats for Rampage

Player Name              G  A  P  +/- PIM S  H  SB GA TA FO     MP     PP MP  PK MP  
------------------------------------------------------------------------------------
Andrej Nestrasil         1  0  1   1  0   1  1  1  4  0  7/13   21:50   4:01   1:59 
Brett Hextall            0  1  1   1  0   1  1  0  0  0  0/0     9:18   0:40   0:00 
Bryan Rust               1  0  1   1  0   4  1  1  1  0  0/1    15:54   0:00   0:00 
Christian Thomas         2  0  2   0  5   3  0  1  2  1  0/0    17:10   1:56   0:00 
Connor Brickley          0  1  1   0  0   0  4  1  1  0  4/9    19:17   2:36   0:00 
Daniel Briere            0  1  1   1  0   4  0  0  2  0  0/0    21:50   4:01   1:59 
FARM PLAYER10            0  0  0   0  0   0  0  0  0  0  0/0     3:21   0:00   0:00 
Joel Chouinard           0  0  0   0  0   1  0  0  0  0  0/0     5:49   0:00   0:00 
Keaton Ellerby           0  0  0   1  0   3  1  0  2  3  0/0    16:14   0:00   0:00 
Liam O'Brien             0  0  0   0  0   1  1  0  2  0  1/2    19:17   2:36   0:00 
Matt Dumba               0  0  0   0  0   6  1  1  3  3  0/0    19:18   2:36   0:32 
Max Friberg              0  1  1   1  0   1  2  1  0  0  1/1    16:02   0:00   0:00 
Michal Rozsival          0  1  1   1  0   3  4  4  1  1  0/0    24:55   4:01   1:27 
Nate Prosser             0  0  0   0  0   2  2  0  0  1  0/0    18:51   2:36   0:32 
Tanner Richard           0  0  0   1  2   0  1  0  0  0  11/14  17:02   0:00   0:00 
Taylor Beck              0  0  0   0  0   0  0  1  2  0  0/0    16:31   4:01   0:00 
Tomas Kundratek          0  0  0   1  0   0  0  0  0  0  0/0    15:24   0:00   0:00 
Zach Redmond             0  0  0   1  0   0  0  0  0  3  0/0    19:56   4:01   1:27 

3 Stars

1 - Pheonix Copley (SAN)
2 - Michal Rozsival (SAN)
3 - Andrej Nestrasil (SAN)

Power Play

Stars - 0 on 1 Attempt(s) - 0.00%
Rampage - 2 on 5 Attempt(s) - 40.00%

Penalty Kill

Stars - 3 on 5 Attempt(s) - 60.00% - Score 0 goal in Penalty Kill
Rampage - 1 on 1 Attempt(s) - 100.00% - Score 0 goal in Penalty Kill

Team Stat

Stars - Hits : 26 - Faceoff Wins : 16 - Blocked Shots : 14 - Penalty Minutes : 15
Rampage - Hits : 19 - Faceoff Wins : 24 - Blocked Shots : 11 - Penalty Minutes : 7

Official

Referees : Unknown
Linesman : Unknown

Game Notes

Christian Thomas and Zach Sill fight to a draw at 15:31 of 2nd period

Finance

Level 1 -- Attendance: 1554 (77.70%) -- Ticket Income $54,390
Level 2 -- Attendance: 805 (80.50%) -- Ticket Income $12,075
Total Attendance: 2359 (78.63%)
Total Ticket Income: $66,465
Other Income: $32,568
Total Income: $99,033

Stars

5 vs 5 Forward 
   Center                   Left Wing                Right Wing               Time % Phy DF OF 
 1 Zach Sill                Brett Ritchie            Brad Malone              35     1   2  2  
 2 Zac Dalpe                Justin Shugg             Brandon Kozun            30     1   2  2  
 3 John Albert              Miikka Salomaki          Alexandre Grenier        22     1   2  2  
 4 Jason Williams           Zach Sill                Paul Thompson            13     1   2  2  

5 vs 5 Defense 
   Defense                  Defense                                           Time % Phy DF OF 
 1 Derrick Pouliot          Steven Delisle                                    35     1   2  2  
 2 Austin Madaisky          Cameron Gaunce                                    30     1   2  2  
 3 Steven Delisle           Derrick Pouliot                                   22     1   2  2  
 4 Derrick Pouliot          Cameron Gaunce                                    13     1   2  2  

PowerPlay Forward 
   Center                   Left Wing                Right Wing               Time % Phy DF OF 
 1 Zach Sill                Brett Ritchie            Brad Malone              60     1   2  2  
 2 Zac Dalpe                Justin Shugg             Brandon Kozun            40     1   2  2  

PowerPlay Defense
   Defense                  Defense                                           Time % Phy DF OF 
 1 Derrick Pouliot          Steven Delisle                                    60     1   2  2  
 2 Austin Madaisky          Cameron Gaunce                                    40     1   2  2  

Penalty Kill 4 Players Forward 
   Center                   Wing                     Time % Phy DF OF 
 1 Brandon Kozun            Zach Sill                60     1   2  2  
 2 Paul Thompson            Zac Dalpe                40     1   2  2  

Penalty Kill 4 Players Defense
   Defense                  Defense                  Time % Phy DF OF 
 1 Derrick Pouliot          Steven Delisle           60     1   2  2  
 2 Austin Madaisky          Cameron Gaunce           40     1   2  2  

Penalty Kill - 3 Players Forward 
   Forward                                           Time % Phy DF OF 
 1 Zac Dalpe                                         60     1   2  2  
 2 Zach Sill                                         40     1   2  2  

Penalty Kill - 3 Players Defense
   Defense                  Defense                  Time % Phy DF OF 
 1 Derrick Pouliot          Steven Delisle           60     1   2  2  
 2 Austin Madaisky          Cameron Gaunce           40     1   2  2  

4 vs 4 Forward 
   Center                   Wing                     Time % Phy DF OF 
 1 John Albert              Zach Sill                60     1   2  2  
 2 Alexandre Grenier        Zac Dalpe                40     1   2  2  

4 vs 4 Defense
   Defense                  Defense                  Time % Phy DF OF 
 1 Derrick Pouliot          Steven Delisle           60     1   2  2  
 2 Austin Madaisky          Cameron Gaunce           40     1   2  2  

Last Minutes Offensive
   Center                   Left Wing                Right Wing               Defense                  Defense                  
   Zach Sill                Brett Ritchie            Brad Malone              Derrick Pouliot          Austin Madaisky          

Last Minutes Defensive
   Center                   Left Wing                Right Wing               Defense                  Defense                  
   Zach Sill                Brett Ritchie            Brad Malone              Derrick Pouliot          Austin Madaisky          

Goaltenders
Starting : Justin Peters            
Backup : Pat Nagle                

Extra Forwards
Normal : John Albert, Alexandre Grenier, Paul Thompson - PP : John Albert, Alexandre Grenier - PK : Paul Thompson
Extra Defensemen
Normal : Steven Delisle, Derrick Pouliot, Austin Madaisky - PP : Steven Delisle - PK : Derrick Pouliot, Austin Madaisky
Penalty Shots
Brett Ritchie, Zach Sill, Brad Malone, Zac Dalpe, Brandon Kozun

Rampage

5 vs 5 Forward 
   Center                   Left Wing                Right Wing               Time % Phy DF OF 
 1 Andrej Nestrasil         Daniel Briere            Taylor Beck              35     1   2  2  
 2 Connor Brickley          Liam O'Brien             Christian Thomas         30     1   2  2  
 3 Tanner Richard           Max Friberg              Bryan Rust               22     1   2  2  
 4 Andrej Nestrasil         Brett Hextall            Daniel Briere            13     1   2  2  

5 vs 5 Defense 
   Defense                  Defense                                           Time % Phy DF OF 
 1 Michal Rozsival          Zach Redmond                                      35     1   2  2  
 2 Nate Prosser             Matt Dumba                                        30     1   2  2  
 3 Keaton Ellerby           Tomas Kundratek                                   22     1   2  2  
 4 Joel Chouinard           Michal Rozsival                                   13     1   2  2  

PowerPlay Forward 
   Center                   Left Wing                Right Wing               Time % Phy DF OF 
 1 Andrej Nestrasil         Daniel Briere            Taylor Beck              60     1   2  2  
 2 Connor Brickley          Liam O'Brien             Christian Thomas         40     1   2  2  

PowerPlay Defense
   Defense                  Defense                                           Time % Phy DF OF 
 1 Michal Rozsival          Zach Redmond                                      60     1   2  2  
 2 Nate Prosser             Matt Dumba                                        40     1   2  2  

Penalty Kill 4 Players Forward 
   Center                   Wing                     Time % Phy DF OF 
 1 Andrej Nestrasil         Daniel Briere            60     1   2  2  
 2 Taylor Beck              Christian Thomas         40     1   2  2  

Penalty Kill 4 Players Defense
   Defense                  Defense                  Time % Phy DF OF 
 1 Michal Rozsival          Zach Redmond             60     1   2  2  
 2 Nate Prosser             Matt Dumba               40     1   2  2  

Penalty Kill - 3 Players Forward 
   Forward                                           Time % Phy DF OF 
 1 Andrej Nestrasil                                  60     1   2  2  
 2 Daniel Briere                                     40     1   2  2  

Penalty Kill - 3 Players Defense
   Defense                  Defense                  Time % Phy DF OF 
 1 Michal Rozsival          Zach Redmond             60     1   2  2  
 2 Nate Prosser             Matt Dumba               40     1   2  2  

4 vs 4 Forward 
   Center                   Wing                     Time % Phy DF OF 
 1 Andrej Nestrasil         Daniel Briere            60     1   2  2  
 2 Taylor Beck              Christian Thomas         40     1   2  2  

4 vs 4 Defense
   Defense                  Defense                  Time % Phy DF OF 
 1 Michal Rozsival          Zach Redmond             60     1   2  2  
 2 Nate Prosser             Matt Dumba               40     1   2  2  

Last Minutes Offensive
   Center                   Left Wing                Right Wing               Defense                  Defense                  
   Andrej Nestrasil         Daniel Briere            Taylor Beck              Michal Rozsival          Zach Redmond             

Last Minutes Defensive
   Center                   Left Wing                Right Wing               Defense                  Defense                  
   Andrej Nestrasil         Daniel Briere            Taylor Beck              Michal Rozsival          Zach Redmond             

Goaltenders
Starting : Pheonix Copley           
Backup : Viktor Fasth             

Extra Forwards
Normal : Brett Hextall, Max Friberg, Bryan Rust - PP : Brett Hextall, Max Friberg - PK : Bryan Rust
Extra Defensemen
Normal : Keaton Ellerby, Tomas Kundratek, Joel Chouinard - PP : Keaton Ellerby - PK : Tomas Kundratek, Joel Chouinard
Penalty Shots
Andrej Nestrasil, Daniel Briere, Taylor Beck, Christian Thomas, Liam O'Brien

% Time on Ice - Stars

Lines # - Real PCT - Wanted PCT - Time Play
Normal Forward
1 - 28% - 35% - 14:20
2 - 29% - 30% - 14:53
3 - 28% - 22% - 14:18
4 - 15% - 13% - 7:53
Normal Defense
1 - 34% - 35% - 17:20
2 - 38% - 30% - 19:35
3 - 20% - 22% - 10:08
4 - 8% - 13% - 4:21
PP Forward
1 - 40% - 60% - 0:48
2 - 60% - 40% - 1:11
PP Defense
1 - 49% - 60% - 0:58
2 - 51% - 40% - 1:01
PK Forward
1 - 96% - 60% - 6:23
2 - 4% - 40% - 0:14
PK Defense
1 - 78% - 60% - 5:10
2 - 22% - 40% - 1:27
PK3 Forward
1 - 0% - 60%
2 - 0% - 40%
PK3 Defense
1 - 0% - 60%
2 - 0% - 40%
44 Forward
1 - 0% - 60%
2 - 0% - 40%
44 Defense
1 - 0% - 60%
2 - 0% - 40%
Last Minute Offensive  - 0:00
Last Minute Defensive  - 0:00
Total
Forward - 60:00
Defense - 60:00

% Time on Ice - Rampage

Lines # - Real PCT - Wanted PCT - Time Play
Normal Forward
1 - 23% - 35% - 11:47
2 - 32% - 30% - 16:41
3 - 32% - 22% - 16:24
4 - 13% - 13% - 6:32
Normal Defense
1 - 28% - 35% - 14:28
2 - 31% - 30% - 15:43
3 - 30% - 22% - 15:24
4 - 11% - 13% - 5:49
PP Forward
1 - 61% - 60% - 4:01
2 - 39% - 40% - 2:36
PP Defense
1 - 61% - 60% - 4:01
2 - 39% - 40% - 2:36
PK Forward
1 - 100% - 60% - 1:59
2 - 0% - 40% - 0:00
PK Defense
1 - 73% - 60% - 1:27
2 - 27% - 40% - 0:32
PK3 Forward
1 - 0% - 60%
2 - 0% - 40%
PK3 Defense
1 - 0% - 60%
2 - 0% - 40%
44 Forward
1 - 0% - 60%
2 - 0% - 40%
44 Defense
1 - 0% - 60%
2 - 0% - 40%
Last Minute Offensive  - 0:00
Last Minute Defensive  - 0:00
Total
Forward - 60:00
Defense - 60:00

Play by Play

1st period


0:01 of 1st period - Zach Sill wins face-off versus Andrej Nestrasil in neutral zone.
0:04 of 1st period - Andrej Nestrasil is hit by Zach Sill and loses puck.
0:25 of 1st period - Derrick Pouliot is hit by Michal Rozsival and loses puck.
0:43 of 1st period - Icing by Brad Malone.
0:44 of 1st period - Zac Dalpe wins face-off versus Connor Brickley in Stars zone.
0:44 of 1st period - Zac Dalpe is hit by Nate Prosser.
0:56 of 1st period - Snap shot by Matt Dumba.
0:56 of 1st period - Stopped by Justin Peters with a rebound.
1:06 of 1st period - Wrist shot by Liam O'Brien.
1:06 of 1st period - Deflect By Christian Thomas.
1:06 of 1st period - Shot Misses the Net.
1:06 of 1st period - Puck is out of play.
1:07 of 1st period - Tanner Richard wins face-off versus John Albert in Stars zone.
1:42 of 1st period - Slapshot by Bryan Rust.
1:42 of 1st period - Stopped by Justin Peters with a rebound.
2:41 of 1st period - Paul Thompson is hit by Connor Brickley.
3:14 of 1st period - Off-side.
3:15 of 1st period - Zac Dalpe wins face-off versus Andrej Nestrasil in neutral zone.
3:44 of 1st period - Max Friberg is hit by Brandon Kozun and loses puck.
4:08 of 1st period - Slapshot by Zach Sill.
4:08 of 1st period - Stopped by Pheonix Copley with a rebound.
6:57 of 1st period - Austin Madaisky is hit by Andrej Nestrasil and loses puck.
9:07 of 1st period - Alexandre Grenier is hit by Liam O'Brien and loses puck.
9:18 of 1st period - Miikka Salomaki is hit by Brett Hextall and loses puck.
9:45 of 1st period - Wrist shot by Christian Thomas.
9:45 of 1st period - Stopped by Justin Peters with a rebound.
9:51 of 1st period - John Albert is hit by Connor Brickley and loses puck.
10:56 of 1st period - Brad Malone is hit by Michal Rozsival and loses puck.
11:36 of 1st period - Snap shot by Brandon Kozun.
11:36 of 1st period - Stopped by Pheonix Copley with a rebound.
11:50 of 1st period - Tomas Kundratek is hit by Cameron Gaunce and loses puck.
13:06 of 1st period - Zach Redmond is hit by Zach Sill and loses puck.
13:25 of 1st period - Connor Brickley is hit by Zach Sill and loses puck.
14:47 of 1st period - Tomas Kundratek is hit by Nick Jones and loses puck.
14:54 of 1st period - Taylor Beck is hit by Alexandre Grenier and loses puck.
15:11 of 1st period - Snap shot by Max Friberg.
15:11 of 1st period - Stopped by Justin Peters without a rebound.
15:12 of 1st period - Tanner Richard wins face-off versus Zac Dalpe in Stars zone.
15:43 of 1st period - Slapshot by Daniel Briere.
15:43 of 1st period - Stopped by Justin Peters with a rebound.
15:45 of 1st period - Backhand shot by Keaton Ellerby.
15:45 of 1st period - Shot Blocked by Brad Malone.
15:47 of 1st period - Slapshot by Keaton Ellerby.
15:47 of 1st period - Stopped by Justin Peters with a rebound.
15:49 of 1st period - Slapshot by Daniel Briere.
15:49 of 1st period - Shot Misses the Net.
15:51 of 1st period - Slapshot by Keaton Ellerby.
15:51 of 1st period - Deflect By Zach Sill.
15:51 of 1st period - Stopped by Justin Peters with a rebound.
16:36 of 1st period - Slapshot by Bryan Rust.
16:36 of 1st period - Stopped by Justin Peters with a rebound.
16:38 of 1st period - Wrist shot by Taylor Beck.
16:38 of 1st period - Shot Blocked by Cameron Gaunce.
16:40 of 1st period - Slapshot by Taylor Beck.
16:40 of 1st period - Shot Misses the Net.
16:42 of 1st period - Slapshot by Michal Rozsival.
16:42 of 1st period - Stopped by Justin Peters with a rebound.
17:00 of 1st period - Snap shot by Tanner Richard.
17:00 of 1st period - Deflect By FARM PLAYER10.
17:00 of 1st period - Shot Blocked by Alexandre Grenier.
17:00 of 1st period - Puck is out of play.
17:01 of 1st period - Tanner Richard wins face-off versus John Albert in Stars zone.
17:02 of 1st period - Slapshot by Keaton Ellerby.
17:02 of 1st period - Deflect By Brett Hextall.
17:02 of 1st period - Stopped by Justin Peters with a rebound.
17:04 of 1st period - Wrist shot by Keaton Ellerby.
17:04 of 1st period - Stopped by Justin Peters with a rebound.
17:51 of 1st period - Christian Thomas is hit by Steven Delisle and loses puck.
19:07 of 1st period - Wrist shot by Andrej Nestrasil.
19:07 of 1st period - Goal by Andrej Nestrasil - Stars : 0 - Rampage : 1.
19:08 of 1st period - Zac Dalpe wins face-off versus Tanner Richard in neutral zone.
19:11 of 1st period - Snap shot by Brandon Kozun.
19:11 of 1st period - Stopped by Pheonix Copley without a rebound.
19:12 of 1st period - Tanner Richard wins face-off versus Zac Dalpe in Rampage zone.
19:23 of 1st period - Backhand shot by Matt Dumba.
19:23 of 1st period - Stopped by Justin Peters with a rebound.
19:27 of 1st period - Slapshot by Matt Dumba.
19:27 of 1st period - Deflect By Brandon Kozun.
19:27 of 1st period - Stopped by Justin Peters without a rebound.
19:28 of 1st period - Tanner Richard wins face-off versus Zac Dalpe in Stars zone.
19:49 of 1st period - Wrist shot by Andrej Nestrasil.
19:49 of 1st period - Shot Blocked by Brett Ritchie.
19:59 of 1st period - Brett Ritchie is hit by Tanner Richard and loses puck.
Goals for this period are 0 for Stars vs 1 for Rampage.
Shots for this period are 3 for Stars vs 14 for Rampage.

2nd period


0:01 of 2nd period - Zach Sill wins face-off versus Andrej Nestrasil in neutral zone.
0:23 of 2nd period - Snap shot by Daniel Briere.
0:23 of 2nd period - Stopped by Justin Peters with a rebound.
0:25 of 2nd period - Slapshot by Michal Rozsival.
0:25 of 2nd period - Stopped by Justin Peters without a rebound.
0:26 of 2nd period - Zac Dalpe wins face-off versus Liam O'Brien in Stars zone.
1:15 of 2nd period - Minor Penalty to Alexandre Grenier for Hooking.
1:16 of 2nd period - Andrej Nestrasil wins face-off versus Brandon Kozun in Stars zone.
2:08 of 2nd period - Zach Sill is hit by Michal Rozsival and loses puck.
2:21 of 2nd period - Matt Dumba is hit by Steven Delisle and loses puck.
3:15 of 2nd period - Penalty to Alexandre Grenier is over, Alexandre Grenier is back on ice.
3:22 of 2nd period - Alexandre Grenier is hit by Bryan Rust and loses puck.
3:41 of 2nd period - Snap shot by Bryan Rust.
3:41 of 2nd period - Deflect By Max Friberg.
3:41 of 2nd period - Shot Blocked by Cameron Gaunce.
3:41 of 2nd period - Puck is out of play.
3:42 of 2nd period - Tanner Richard wins face-off versus John Albert in Stars zone.
3:57 of 2nd period - Keaton Ellerby is hit by Miikka Salomaki and loses puck.
4:08 of 2nd period - Snap shot by John Albert.
4:08 of 2nd period - Shot Blocked by Bryan Rust.
4:10 of 2nd period - Slapshot by Derrick Pouliot.
4:10 of 2nd period - Stopped by Pheonix Copley with a rebound.
4:12 of 2nd period - Snap shot by Alexandre Grenier.
4:12 of 2nd period - Shot Misses the Net.
4:54 of 2nd period - Slapshot by Matt Dumba.
4:54 of 2nd period - Shot Blocked by Austin Madaisky.
4:56 of 2nd period - Slapshot by Matt Dumba.
4:56 of 2nd period - Deflect By John Albert.
4:56 of 2nd period - Stopped by Justin Peters without a rebound.
4:57 of 2nd period - John Albert wins face-off versus Connor Brickley in Stars zone.
5:12 of 2nd period - Slapshot by Matt Dumba.
5:12 of 2nd period - Stopped by Justin Peters with a rebound.
5:14 of 2nd period - Backhand shot by Connor Brickley.
5:14 of 2nd period - Shot Blocked by Brett Ritchie.
5:16 of 2nd period - Snap shot by Matt Dumba.
5:16 of 2nd period - Stopped by Justin Peters with a rebound.
5:18 of 2nd period - Snap shot by Liam O'Brien.
5:18 of 2nd period - Shot Misses the Net.
6:08 of 2nd period - Wrist shot by Daniel Briere.
6:08 of 2nd period - Stopped by Justin Peters with a rebound.
6:26 of 2nd period - Snap shot by Liam O'Brien.
6:26 of 2nd period - Shot Misses the Net.
6:28 of 2nd period - Wrist shot by Connor Brickley.
6:28 of 2nd period - Shot Misses the Net.
7:04 of 2nd period - Keaton Ellerby is hit by Cameron Gaunce and loses puck.
7:51 of 2nd period - Icing by Keaton Ellerby.
7:52 of 2nd period - Andrej Nestrasil wins face-off versus Zac Dalpe in Rampage zone.
8:44 of 2nd period - Nate Prosser is hit by Jason Williams and loses puck.
9:14 of 2nd period - Liam O'Brien is hit by Zach Sill and loses puck.
9:39 of 2nd period - Steven Delisle is hit by Max Friberg and loses puck.
10:01 of 2nd period - Icing by Keaton Ellerby.
10:02 of 2nd period - Tanner Richard wins face-off versus Zac Dalpe in Rampage zone.
10:02 of 2nd period - Tanner Richard is hit by Brandon Kozun.
10:31 of 2nd period - Minor Penalty to Zach Sill for Tripping.
10:32 of 2nd period - Brandon Kozun wins face-off versus Andrej Nestrasil in Stars zone.
11:09 of 2nd period - Snap shot by Christian Thomas.
11:09 of 2nd period - Goal by Christian Thomas - Stars : 0 - Rampage : 2.
11:10 of 2nd period - Tanner Richard wins face-off versus Zach Sill in neutral zone.
11:29 of 2nd period - Wrist shot by Brad Malone.
11:29 of 2nd period - Stopped by Pheonix Copley with a rebound.
11:47 of 2nd period - Andrej Nestrasil is hit by Zach Sill and loses puck.
12:05 of 2nd period - Snap shot by Alexandre Grenier.
12:05 of 2nd period - Stopped by Pheonix Copley with a rebound.
12:07 of 2nd period - Slapshot by Derrick Pouliot.
12:07 of 2nd period - Shot Blocked by Taylor Beck.
12:09 of 2nd period - Snap shot by Alexandre Grenier.
12:09 of 2nd period - Stopped by Pheonix Copley without a rebound.
12:10 of 2nd period - John Albert wins face-off versus Connor Brickley in Rampage zone.
13:00 of 2nd period - Snap shot by Bryan Rust.
13:00 of 2nd period - Deflect By Max Friberg.
13:00 of 2nd period - Shot Misses the Net.
13:00 of 2nd period - Puck is out of play.
13:01 of 2nd period - Paul Thompson wins face-off versus Tanner Richard in Stars zone.
13:55 of 2nd period - Wrist shot by Taylor Beck.
13:55 of 2nd period - Shot Misses the Net.
13:57 of 2nd period - Wrist shot by Daniel Briere.
13:57 of 2nd period - Shot Blocked by Steven Delisle.
14:26 of 2nd period - Miikka Salomaki is hit by Connor Brickley and loses puck.
15:19 of 2nd period - Max Friberg is hit by Steven Delisle and loses puck.
15:31 of 2nd period - Christian Thomas and Zach Sill fight to a draw.
15:31 of 2nd period - Penalty to Christian Thomas for Fighting.
15:31 of 2nd period - Penalty to Zach Sill for Fighting.
15:32 of 2nd period - Connor Brickley wins face-off versus John Albert in Stars zone.
15:46 of 2nd period - Backhand shot by Liam O'Brien.
15:46 of 2nd period - Shot Hit the Post.
15:48 of 2nd period - Snap shot by Liam O'Brien.
15:48 of 2nd period - Shot Misses the Net.
15:52 of 2nd period - Backhand shot by Zach Redmond.
15:52 of 2nd period - Shot Misses the Net.
15:54 of 2nd period - Snap shot by Brett Hextall.
15:54 of 2nd period - Shot Misses the Net.
15:56 of 2nd period - Snap shot by Liam O'Brien.
15:56 of 2nd period - Stopped by Justin Peters with a rebound.
15:58 of 2nd period - Slapshot by Zach Redmond.
15:58 of 2nd period - Shot Blocked by Derrick Pouliot.
16:26 of 2nd period - Wrist shot by Brandon Kozun.
16:26 of 2nd period - Stopped by Pheonix Copley with a rebound.
16:30 of 2nd period - Slapshot by Zac Dalpe.
16:30 of 2nd period - Shot Misses the Net.
16:32 of 2nd period - Slapshot by Justin Shugg.
16:32 of 2nd period - Shot Misses the Net.
16:34 of 2nd period - Snap shot by Zac Dalpe.
16:34 of 2nd period - Stopped by Pheonix Copley without a rebound.
16:35 of 2nd period - Tanner Richard wins face-off versus Zac Dalpe in Rampage zone.
17:16 of 2nd period - Wrist shot by Brad Malone.
17:16 of 2nd period - Deflect By John Albert.
17:16 of 2nd period - Stopped by Pheonix Copley with a rebound.
17:54 of 2nd period - Slapshot by Matt Dumba.
17:54 of 2nd period - Shot Blocked by Jason Williams.
18:00 of 2nd period - Wrist shot by Liam O'Brien.
18:00 of 2nd period - Deflect By Connor Brickley.
18:00 of 2nd period - Shot Misses the Net.
18:00 of 2nd period - Puck is out of play.
18:01 of 2nd period - Connor Brickley wins face-off versus Jason Williams in Stars zone.
18:19 of 2nd period - Minor Penalty to Steven Delisle for Goalie Interference.
18:20 of 2nd period - Andrej Nestrasil wins face-off versus Brandon Kozun in Stars zone.
19:14 of 2nd period - Derrick Pouliot is hit by Connor Brickley and loses puck.
19:53 of 2nd period - Wrist shot by Matt Dumba.
19:53 of 2nd period - Shot Misses the Net.
19:55 of 2nd period - Slapshot by Nate Prosser.
19:55 of 2nd period - Stopped by Justin Peters with a rebound.
19:57 of 2nd period - Snap shot by Nate Prosser.
19:57 of 2nd period - Shot Misses the Net.
19:59 of 2nd period - Slapshot by Nate Prosser.
19:59 of 2nd period - Stopped by Justin Peters with a rebound.
Goals for this period are 0 for Stars vs 1 for Rampage.
Shots for this period are 7 for Stars vs 10 for Rampage.

3rd period


0:01 of 3rd period - Andrej Nestrasil wins face-off versus Brandon Kozun in neutral zone.
0:19 of 3rd period - Penalty to Steven Delisle is over, Steven Delisle is back on ice.
0:57 of 3rd period - Snap shot by Brett Ritchie.
0:57 of 3rd period - Stopped by Pheonix Copley with a rebound.
0:59 of 3rd period - Snap shot by Brad Malone.
0:59 of 3rd period - Shot Misses the Net.
1:01 of 3rd period - Slapshot by Cameron Gaunce.
1:01 of 3rd period - Shot Blocked by Michal Rozsival.
1:03 of 3rd period - Wrist shot by Brad Malone.
1:03 of 3rd period - Shot Misses the Net.
1:11 of 3rd period - Slapshot by Zach Sill.
1:11 of 3rd period - Shot Blocked by Connor Brickley.
1:13 of 3rd period - Wrist shot by Brett Ritchie.
1:13 of 3rd period - Shot Blocked by Christian Thomas.
1:15 of 3rd period - Snap shot by Zach Sill.
1:15 of 3rd period - Shot Misses the Net.
1:17 of 3rd period - Backhand shot by Brett Ritchie.
1:17 of 3rd period - Stopped by Pheonix Copley with a rebound.
1:19 of 3rd period - Wrist shot by Zach Sill.
1:19 of 3rd period - Stopped by Pheonix Copley with a rebound.
1:21 of 3rd period - Slapshot by Austin Madaisky.
1:21 of 3rd period - Deflect By Brett Ritchie.
1:21 of 3rd period - Shot Hit the Post.
1:21 of 3rd period - Puck is out of play.
1:22 of 3rd period - Tanner Richard wins face-off versus John Albert in Rampage zone.
1:24 of 3rd period - Minor Penalty to Tanner Richard for Holding.
1:25 of 3rd period - Andrej Nestrasil wins face-off versus Zac Dalpe in Rampage zone.
1:29 of 3rd period - Steven Delisle is hit by Matt Dumba and loses puck.
1:35 of 3rd period - Off-side.
1:36 of 3rd period - Andrej Nestrasil wins face-off versus Zac Dalpe in neutral zone.
1:39 of 3rd period - Justin Shugg is hit by Nate Prosser and loses puck.
1:50 of 3rd period - Snap shot by Brandon Kozun.
1:50 of 3rd period - Shot Misses the Net.
1:52 of 3rd period - Snap shot by Zac Dalpe.
1:52 of 3rd period - Shot Misses the Net.
1:54 of 3rd period - Wrist shot by Justin Shugg.
1:54 of 3rd period - Stopped by Pheonix Copley with a rebound.
1:56 of 3rd period - Slapshot by Steven Delisle.
1:56 of 3rd period - Deflect By Matt Dumba.
1:56 of 3rd period - Stopped by Pheonix Copley without a rebound.
1:57 of 3rd period - Zach Sill wins face-off versus Andrej Nestrasil in Rampage zone.
1:58 of 3rd period - Slapshot by Brett Ritchie.
1:58 of 3rd period - Shot Blocked by Michal Rozsival.
2:00 of 3rd period - Snap shot by Brad Malone.
2:00 of 3rd period - Shot Misses the Net.
2:02 of 3rd period - Snap shot by Brad Malone.
2:02 of 3rd period - Shot Blocked by Michal Rozsival.
2:04 of 3rd period - Slapshot by Austin Madaisky.
2:04 of 3rd period - Shot Misses the Net.
2:06 of 3rd period - Slapshot by Cameron Gaunce.
2:06 of 3rd period - Shot Blocked by Michal Rozsival.
2:08 of 3rd period - Slapshot by Austin Madaisky.
2:08 of 3rd period - Stopped by Pheonix Copley without a rebound.
2:09 of 3rd period - Andrej Nestrasil wins face-off versus Zach Sill in Rampage zone.
2:18 of 3rd period - Andrej Nestrasil is hit by Brad Malone.
2:38 of 3rd period - Michal Rozsival is hit by Brad Malone and loses puck.
2:56 of 3rd period - Slapshot by Cameron Gaunce.
2:56 of 3rd period - Shot Blocked by Andrej Nestrasil.
2:58 of 3rd period - Slapshot by Brandon Kozun.
2:58 of 3rd period - Stopped by Pheonix Copley with a rebound.
3:24 of 3rd period - Penalty to Tanner Richard is over, Tanner Richard is back on ice.
3:58 of 3rd period - Wrist shot by Matt Dumba.
3:58 of 3rd period - Shot Blocked by Derrick Pouliot.
4:25 of 3rd period - Cameron Gaunce is hit by Max Friberg and loses puck.
4:34 of 3rd period - Wrist shot by Bryan Rust.
4:34 of 3rd period - Goal by Bryan Rust - Stars : 0 - Rampage : 3.
4:35 of 3rd period - Zac Dalpe wins face-off versus Tanner Richard in neutral zone.
4:50 of 3rd period - Wrist shot by Bryan Rust.
4:50 of 3rd period - Shot Blocked by Brandon Kozun.
5:36 of 3rd period - Wrist shot by Christian Thomas.
5:36 of 3rd period - Deflect By Liam O'Brien.
5:36 of 3rd period - Shot Blocked by Justin Shugg.
5:36 of 3rd period - Puck is out of play.
5:37 of 3rd period - Liam O'Brien wins face-off versus Zach Sill in Stars zone.
5:41 of 3rd period - Minor Penalty to Steven Delisle for Roughing.
5:42 of 3rd period - Connor Brickley wins face-off versus Brandon Kozun in Stars zone.
5:42 of 3rd period - Snap shot by Christian Thomas.
5:42 of 3rd period - Shot Misses the Net.
6:41 of 3rd period - Derrick Pouliot is hit by Michal Rozsival and loses puck.
7:36 of 3rd period - Taylor Beck is hit by John Albert and loses puck.
7:41 of 3rd period - Penalty to Steven Delisle is over, Steven Delisle is back on ice.
9:08 of 3rd period - Zach Sill is hit by Keaton Ellerby and loses puck.
9:27 of 3rd period - Minor Penalty to Steven Delisle for Holding.
9:28 of 3rd period - Connor Brickley wins face-off versus Paul Thompson in Stars zone.
9:29 of 3rd period - Slapshot by Christian Thomas.
9:29 of 3rd period - Goal by Christian Thomas - Stars : 0 - Rampage : 4.
9:30 of 3rd period - Max Friberg wins face-off versus John Albert in neutral zone.
10:19 of 3rd period - Michal Rozsival is hit by Brandon Kozun and loses puck.
10:30 of 3rd period - Liam O'Brien is hit by Brandon Kozun and loses puck.
10:59 of 3rd period - Snap shot by Andrej Nestrasil.
10:59 of 3rd period - Deflect By Daniel Briere.
10:59 of 3rd period - Stopped by Justin Peters without a rebound.
11:00 of 3rd period - Zach Sill wins face-off versus Andrej Nestrasil in Stars zone.
11:11 of 3rd period - Nate Prosser is hit by Brad Malone and loses puck.
11:20 of 3rd period - Snap shot by Andrej Nestrasil.
11:20 of 3rd period - Shot Blocked by Steven Delisle.
11:45 of 3rd period - Wrist shot by Bryan Rust.
11:45 of 3rd period - Stopped by Justin Peters without a rebound.
11:46 of 3rd period - John Albert wins face-off versus Bryan Rust in Stars zone.
12:05 of 3rd period - Snap shot by John Albert.
12:05 of 3rd period - Shot Misses the Net.
12:07 of 3rd period - Snap shot by Austin Madaisky.
12:07 of 3rd period - Shot Blocked by Matt Dumba.
12:09 of 3rd period - Slapshot by John Albert.
12:09 of 3rd period - Stopped by Pheonix Copley without a rebound.
12:10 of 3rd period - Zac Dalpe wins face-off versus Connor Brickley in Rampage zone.
12:11 of 3rd period - Snap shot by Brandon Kozun.
12:11 of 3rd period - Shot Misses the Net.
12:34 of 3rd period - Connor Brickley is hit by Cameron Gaunce and loses puck.
14:16 of 3rd period - Icing by Michal Rozsival.
14:17 of 3rd period - Tanner Richard wins face-off versus Brandon Kozun in Rampage zone.
14:24 of 3rd period - Slapshot by Michal Rozsival.
14:24 of 3rd period - Stopped by Justin Peters without a rebound.
14:25 of 3rd period - Brandon Kozun wins face-off versus Connor Brickley in Stars zone.
15:38 of 3rd period - Wrist shot by Miikka Salomaki.
15:38 of 3rd period - Stopped by Pheonix Copley with a rebound.
15:44 of 3rd period - Matt Dumba is hit by Alexandre Grenier and loses puck.
16:14 of 3rd period - Snap shot by Taylor Beck.
16:14 of 3rd period - Shot Misses the Net.
16:16 of 3rd period - Slapshot by Joel Chouinard.
16:16 of 3rd period - Stopped by Justin Peters with a rebound.
17:36 of 3rd period - Slapshot by Brad Malone.
17:36 of 3rd period - Shot Blocked by Max Friberg.
18:01 of 3rd period - Taylor Beck is hit by Brent Sopel and loses puck.
18:47 of 3rd period - Slapshot by Bryan Rust.
18:47 of 3rd period - Shot Misses the Net.
19:03 of 3rd period - Liam O'Brien is hit by Brad Malone and loses puck.
19:26 of 3rd period - Snap shot by Andrej Nestrasil.
19:26 of 3rd period - Shot Misses the Net.
19:56 of 3rd period - Wrist shot by Zac Dalpe.
19:56 of 3rd period - Shot Hit the Post.
19:58 of 3rd period - Wrist shot by Brandon Kozun.
19:58 of 3rd period - Shot Misses the Net.
Goals for this period are 0 for Stars vs 2 for Rampage.
Shots for this period are 9 for Stars vs 6 for Rampage.